 Dungeon Crawl Stone Soup version 0.13-a0-2202-g857913d (webtiles) character file.

485 M4edhros the Sneak (level 6, 0/40 HPs)
             Began as an Octopode Death Knight on July 2, 2013.
             Was a Priest of Yredelemnul.
             Slain by a sky beast (5 damage)
             ... while paralysed by a potion of paralysis
             ... on Level 5 of the Dungeon.
             The game lasted 00:08:42 (3569 turns).

M4edhros the Sneak (Octopode Death Knight)          Turns: 3569, Time: 00:08:42

HP   0/40        AC  1     Str 12      XL: 6   Next: 95%
MP  10/10        EV  2     Int 17      God: Yredelemnul [***...]
Gold 63          SH  0     Dex 12      Spells:  0 memorised,  5 levels left

Res.Fire  : . . .   See Invis. : .   l - +1,+0 dwarf dagger (venom)
Res.Cold  : . . .   Warding    : .   (no shield)
Life Prot.: . . .   Conserve   : .   (helmet restricted)
Res.Poison: .       Res.Corr.  : .   (no amulet)
Res.Elec. : .       Clarity    : .   f - +2 ring of intelligence
Sust.Abil.: . .     Spirit.Shd : .   (no ring)
Res.Mut.  : .       Stasis     : .   (no ring)
Res.Rott. : .       Flight     : .   (no ring)
Saprovore : . . .                    (no ring)
                                     (no ring)
                                     (no ring)
                                     (no ring)

@: paralysed, slightly resistant to hostile enchantments, very stealthy
A: almost no armour, amphibious, 8 rings, constrict 8, camouflage 1, AC +1
a: Animate Dead, Recall Undead Slaves, Injury Mirror, Renounce Religion


You were on level 5 of the Dungeon.
You worshipped Yredelemnul.
Yredelemnul was greatly pleased with you.
You were hungry.

You visited 1 branch of the dungeon, and saw 5 of its levels.

You collected 181 gold pieces.
You spent 138 gold pieces at shops.

Inventory:

Hand weapons
 e - a +0,+0 sling
 l - a +1,+0 dwarven dagger of venom (weapon)
 o - a +0 orcish blowgun
 q - a +0,+1 orcish mace of holy wrath
 z - a +0,+1 quarterstaff of protection
 A - a +0 blowgun
Missiles
 h - 5 javelins (quivered)
 k - 29 stones
 s - 25 poisoned needles
Magical devices
 y - a wand of fireball (2)
Comestibles
 c - 3 bread rations
 i - a pear
 n - a choko
 u - 13 grapes
 w - 3 meat rations
 E - a lychee
Scrolls
 b - 3 scrolls of remove curse {unknown}
 d - 2 scrolls of fear {unknown}
 g - a scroll of curse jewellery {unknown}
 j - 4 scrolls of teleportation {unknown}
 t - 2 scrolls of identify {unknown}
 v - a scroll of curse weapon {unknown}
 x - a scroll of blinking {unknown}
Jewellery
 a - an uncursed ring of fire {unknown}
 f - a +2 ring of intelligence (left tentacle)
Potions
 m - 2 potions of curing
 p - a potion of resistance {unknown}
 r - a potion of poison {unknown}
 C - a potion of paralysis


   Skills:
 - Level 2.0 Fighting
 + Level 3.4 Short Blades
   Level 3.5 Polearms
 + Level 2.7 Staves
 - Level 1.5 Dodging
 + Level 6.2 Stealth
 - Level 3.0 Invocations


You had 5 spell levels left.
You didn't know any spells.

Dungeon Overview and Level Annotations

Branches:
Dungeon (5/27)             Temple (0/1) D:4

Altars:
Trog
the Shining One

Shops:
D:4: /=**


Innate Abilities, Weirdness & Mutations

You cannot wear most types of armour.
You are amphibious.
You can wear up to eight rings at the same time.
You can use your tentacles to constrict many enemies at once.
Your skin changes colour to match your surroundings (Stlth).
Your rubbery body absorbs attacks (AC +1).


Message History

The sky beast flickers out of sight!
Deactivating autopickup; reactivate with Ctrl-A.
It hits you. It shocks you.
There is a stone staircase leading up here.
A sky beast appears from thin air!
Reactivating autopickup.
You closely miss the sky beast.
The sky beast is heavily wounded.
The sky beast hits you. The sky beast shocks you.
Drink which item? (? for menu, Esc to quit)
You suddenly lose the ability to move!
It was a potion of paralysis.
The sky beast hits you.
* * * LOW HITPOINT WARNING * * *
The sky beast shocks you.
* * * LOW HITPOINT WARNING * * *
The sky beast hits you.
* * * LOW HITPOINT WARNING * * *
The sky beast shocks you.
You die...
Your body rises from the dead as a mindless zombie.

#.....#.#
#.....#.#.#####
.######...?..........
.........#+####.#####
.######.......#
...........#.#
####.####<# ... #I#
#.... #@#
.............#
...#.##.##..... ..
... .... ... #.. ...
. #... . #... ####.


You could see a sky beast.

Vanquished Creatures
  A giant frog (D:4)
  A crimson imp (D:3)
  2 orc wizards (D:4)
  A worker ant (D:4)
  Jessica (D:3)
  8 adders
  A giant mite (D:2)
  An adder skeleton (D:4)
  5 worms
  2 giant geckos (D:3)
  2 oozes
  11 orcs
  3 giant cockroaches
  11 hobgoblins
  4 jackals (D:2)
  8 kobolds
  A quokka (D:2)
  9 bats
  5 giant newts
  19 goblins
  A kobold skeleton (D:4)
  9 rats
106 creatures vanquished.

Vanquished Creatures (others)
  An adder (D:4)
  2 goblin zombies (D:4)
  3 orc zombies (D:4)
6 creatures vanquished.

Grand Total: 112 creatures vanquished

Notes
Turn   | Place    | Note
--------------------------------------------------------------
     0 | D:1      | M4edhros, the Octopode Death Knight, began the quest for the Orb.
     0 | D:1      | Reached XP level 1. HP: 14/14 MP: 2/2
    31 | D:1      | Reached XP level 2. HP: 16/19 MP: 4/4
   114 | D:1      | Reached skill level 1 in Stealth
   348 | D:1      | Reached XP level 3. HP: 22/24 MP: 5/5
   636 | D:2      | Reached XP level 4. HP: 7/30 MP: 7/7
  1044 | D:2      | Acquired Yredelemnul's second power
  1072 | D:2      | Reached skill level 1 in Short Blades
  1245 | D:2      | Noticed a moth of wrath
  1246 | D:2      | Found a bloodstained altar of Trog.
  1339 | D:2      | Reached skill level 4 in Stealth
  1348 | D:2      | Found a glowing golden altar of the Shining One.
  1561 | D:2      | Reached XP level 5. HP: 35/35 MP: 8/8
  2292 | D:3      | Noticed Jessica
  2297 | D:3      | Killed Jessica
  2297 | D:3      | Reached skill level 5 in Stealth
  2333 | D:3      | Reached XP level 6. HP: 27/40 MP: 10/10
  2460 | D:4      | Found Noheupt's General Store.
  2487 | D:4      | Bought a +0,+1 quarterstaff of protection for 138 gold pieces
  2768 | D:4      | Found Ghil Amem's Jewellery Shop.
  2774 | D:4      | Reached skill level 1 in Staves
  2982 | D:4      | Found Beiziep's General Store.
  2998 | D:4      | Acquired Yredelemnul's third power
  3051 | D:4      | Found Axes Sur's Magical Wand Shop.
  3126 | D:4      | Found a staircase to the Ecumenical Temple.
  3266 | D:4      | Reached skill level 6 in Stealth
  3541 | D:5      | Entered Level 5 of the Dungeon
  3568 | D:5      | Paralysed by a potion of paralysis for 5 turns
  3569 | D:5      | Slain by a sky beast

Action                   |  1- 3 |  4- 6 || total
-------------------------+-------+-------++-------
Melee: Spear             |    66 |     7 ||    73
       Dagger            |       |   197 ||   197
Invok: Animate Dead      |       |     3 ||     3
Evoke: Wand              |       |     1 ||     1
  Use: Potion            |     3 |     4 ||     7
 Stab: Sleeping          |     8 |    11 ||    19
